 Dungeon Crawl Stone Soup version 0.32-a0-35-gd9ff480968 (webtiles) character file.

Game seed: 15678165868856806734

9986 jlumianski the Grappler (level 11, -11/84 HPs)
             Began as a Gnoll Shapeshifter on Jan 22, 2024.
             Was a Believer of Wu Jian.
             Mangled by a centaur warrior
             ... wielding the +9 glaive of Eternal Vigilance {pain, rC+ Str+8 Stlth-}
              (26 damage)
             ... on level 9 of the Dungeon.
             The game lasted 00:55:12 (12641 turns).

jlumianski the Grappler (Gnoll Shapeshifter)       Turns: 12641, Time: 00:55:13

Health: -11/84     AC:  5    Str: 18    XL:     11   Next: 55%
Magic:  17/20      EV: 19    Int: 12    God:    Wu Jian [**....]
Gold:   226        SH:  5    Dex: 12    Spells: 12/23 levels left

rFire   + .          .
                       - Unarmed
rCold   . . .        (shield currently unavailable)
rNeg    . . .        B - melded +0 chain mail
rPois   +            (no helmet)
rElec   .            N - +2 cloak of Indomitability {rF+ Will+ Int+3}
rCorr   +            E - +1 pair of gloves
SInv    .            (no boots)
Will    +....        g - amulet of reflection
Stlth   ++           j - ring of resist corrosion
HPRegen 0.34/turn    L - ring of poison resistance
MPRegen 0.17/turn

%: reflection
@: confusing by touch, flux-form, glowing
A: glow, contaminating, fangs 1, strong nose, distributed training
a: Begin Untransformation, Renounce Religion, Wall Jump


You were on level 9 of the Dungeon.
You worshipped Wu Jian.
Wu Jian was pleased with you.
You were something dangerously unstable.
You visited 2 branches of the dungeon, and saw 11 of its levels.

You collected 442 gold pieces.
You spent 216 gold pieces at shops.

Inventory:

Hand Weapons
 x - a +2 dagger of electrocution
 J - a +5 heavy halberd
Missiles
 f - 6 poisoned darts (quivered)
 m - a throwing net
 u - 5 boomerangs
 F - a curare-tipped dart
Armour
 a - a +0 animal skin
 o - +0 steam dragon scales
 p - a +0 leather armour
 w - a +0 ring mail
 y - a +0 scale mail
 B - a +0 chain mail (melded)
 E - a +1 pair of gloves (worn)
 N - the +2 cloak of Indomitability (worn) {rF+ Will+ Int+3}
   (You found it on level 10 of the Dungeon)

   Int+3:     It affects your intelligence (+3).
   rF+:       It protects you from fire.
   Will+:     It increases your willpower.
 P - a +0 plate armour
 Q - a +0 helmet
Magical Staves
 r - a staff of air
Jewellery
 g - an amulet of reflection (around neck)
 j - a ring of resist corrosion (left hand)
 L - a ring of poison resistance (right hand)
Talismans
 c - a beast talisman
 d - a flux talisman (active)
Wands
 D - a wand of polymorph (4)
 I - a wand of flame (6)
 K - a wand of roots (13)
 M - a wand of paralysis (8)
Scrolls
 h - 2 scrolls of torment
 i - 3 scrolls of teleportation
 l - a scroll of poison
 t - a scroll of immolation
 G - a scroll of blinking
 H - a scroll of noise
Potions
 b - 3 potions of lignification
 k - a potion of attraction
 n - 2 potions of cancellation
 q - 3 potions of haste
 s - a potion of might
 v - a potion of resistance
 z - 2 potions of enlightenment
 A - a potion of magic
 C - a potion of mutation
 O - a potion of curing


   Skills:
 + Level 7.2 Fighting
 + Level 6.6 Short Blades
 + Level 6.6 Long Blades
 + Level 6.6 Axes
 + Level 6.6 Maces & Flails
 + Level 6.6 Polearms
 + Level 6.6 Staves
 + Level 6.6 Ranged Weapons
 + Level 6.6 Throwing
 + Level 6.6 Armour
 + Level 8.1 Dodging
 + Level 6.6 Stealth
 + Level 6.6 Shields
 + Level 9.4 Unarmed Combat
 + Level 6.6 Spellcasting
 + Level 5.5 Conjurations
 + Level 5.5 Hexes
 + Level 5.5 Summonings
 + Level 5.5 Necromancy
 + Level 5.5 Translocations
 + Level 5.5 Fire Magic
 + Level 5.5 Ice Magic
 + Level 5.5 Air Magic
 + Level 5.5 Earth Magic
 + Level 5.5 Alchemy
 + Level 7.3 Invocations
 + Level 6.6 Evocations
 + Level 9.0 Shapeshifting


You had 12 spell levels left.
You knew the following spells:

 Your Spells              Type           Power      Damage    Failure   Level
a - Blink                 Tloc           34%        N/A       2%          2
b - Call Imp              Summ           34%        N/A       2%          2
c - Summon Ice Beast      Ice/Summ       17%        N/A       5%          3
d - Foxfire               Conj/Fire      68%        2x1d7     1%          1
e - Confusing Touch       Hex            17%        N/A       5%          3

Your spell library contained the following spells:

 Spells                   Type           Power      Damage    Failure   Level
 Apportation              Tloc           34%        N/A       1%          1
 Magic Dart               Conj           68%        1d6       1%          1
 Slow                     Hex            68%        N/A       1%          1
 Jinxbite                 Hex            34%        N/A       2%          2
 Inner Flame              Hex/Fire       17%        N/A       5%          3
 Sigil of Binding         Hex            17%        N/A       5%          3
 Vampiric Draining        Necr           17%        2d7       5%          3
 Volatile Blastmotes      Fire/Tloc      34%        2d12      5%          3
 Sticky Flame             Fire/Alch      17%        2d5       17%         4
 Alistair's Intoxication  Alch           11%        N/A       43%         5
 Summon Mana Viper        Hex/Summ       17%        N/A       43%         5
 Plasma Beam              Fire/Air       8%         2x1d19    95%         6
 Sculpt Simulacrum        Ice/Alch       8%         N/A       95%         6
 Starburst                Conj/Fire      8%         6d4       95%         6
 Monstrous Menagerie      Summ           8%         N/A       100%        7
 Ozocubu's Refrigeration  Ice            8%         4d9       100%        7
 Ignition                 Fire           8%         3d5       100%        8
 Polar Vortex             Ice            8%         12d1*     100%        9


Dungeon Overview and Level Annotations

Branches:
Dungeon (10/15)            Temple (1/1) D:7            Lair (0/5) D:9
    Orc: D:9-12

Altars:
Ashenzari
Cheibriados
Dithmenos
Elyvilon
Fedhas
Gozag
Hepliaklqana
Kikubaaqudgha
Makhleb
Nemelex Xobeh
Okawaru
Qazlal
Ru
Sif Muna
Trog
Uskayaw
Vehumet
Wu Jian
Xom
Yredelemnul
Zin
The Shining One

Shops:
D:9 *

Annotations:
D:10 2 transporters, Curundu's ghost, novice MiBe


Innate Abilities, Weirdness & Mutations

You are something dangerously unstable.
You glow with magical radiation, making you easy to see and hit.
Foes you strike become dangerously contaminated with magical radiation.
You are incapable of wielding weapons or throwing items.
You have very sharp teeth.
Your uncanny sense of smell can sniff out nearby items.
Your experience applies equally to all skills.


Message History

The centaur warrior is lightly wounded.
The centaur warrior hits you with the +9 glaive of Eternal Vigilance {pain, rC+ Str+8 Stlth-}!
You writhe in agony.
The centaur warrior closely misses you. You block the centaur warrior's attack.
The centaur warrior misses you.
Aiming: Wall Jump
Press: ? - help, Dir - move target You repeatedly attack the centaur warrior from above.
You completely miss the centaur warrior.
The centaur warrior is lightly wounded.
You hit the centaur warrior.
The centaur warrior glows dangerously bright.
The centaur warrior is moderately wounded.
The centaur warrior completely misses you.
The centaur warrior kicks you but does no damage.
The centaur warrior hits you with the +9 glaive of Eternal Vigilance {pain, rC+ Str+8 Stlth-}!!
* * * LOW HITPOINT WARNING * * *
The centaur warrior kicks you but does no damage.
The centaur warrior misses you. x2
You feel much better. The centaur warrior misses you.
You block the centaur warrior's attack.
Casting: Foxfire (safe; 1% risk of failure)
Confirm with . or Enter, or press ? or * to list all spells.
Your hands begin to glow red.
The centaur warrior completely misses you.
The centaur warrior kicks you but does no damage.
The centaur warrior hits you with the +9 glaive of Eternal Vigilance {pain, rC+ Str+8 Stlth-}!
* * * LOW HITPOINT WARNING * * *
You writhe in agony.
* * * LOW HITPOINT WARNING * * *
The centaur warrior kicks you.
* * * LOW HITPOINT WARNING * * *
You hit the centaur warrior but do no damage.
The centaur warrior shudders as magic cascades through it!!
The centaur warrior twists and deforms.
The centaur warrior is severely wounded.
The centaur warrior closely misses you. You block the centaur warrior's attack.
You closely miss the centaur warrior. You bite the centaur warrior.
The centaur warrior is severely wounded.
The centaur warrior hits you with the +9 glaive of Eternal Vigilance {pain, rC+ Str+8 Stlth-}!!
You die...

..#.#......###..#
#.......∩.#._
..#.#....###....#
.........#..
##..##.###......#
.#######.###
###..###........# .# #.###
)))###..........# .# #....
####............#####.# #....
...............<..# ....#####
............c.....# .........
............p.....# ........
.......####.....######.......
....### #.........##.#.......
.... #........P..#.#.......
... ...............'.......
.. ........>.......'.......
##..P...........#.......
.#........P..#.#.##.#.#
#.........##.###.....


You could see a centaur warrior (misshapen).

Vanquished Creatures
  3 two-headed ogres
  Maurice (D:9)
  Joseph (D:9)
  A meliai (D:9)
  2 wyverns (D:8)
  9 yaks
  2 steam dragons
  A vampire mosquito (D:9)
  A water moccasin (D:7)
  4 black bears
  An orc warrior (D:9)
  2 ice beasts (D:4)
  3 sky beasts
  2 ogres (D:4)
  5 centaurs
  5 phantoms
  2 kobold brigands
  4 bullfrogs
  A gnoll sergeant (D:9)
  4 scorpions
  5 wights
  12 killer bees
  4 howler monkeys
  2 hounds
  3 jellies
  A gnoll bouda (D:7)
  7 orc priests
  5 iguanas
  2 sleepcaps
  7 orc wizards
  6 adders
  10 gnolls
  2 white imps
  2 ufetubi (D:5)
  3 ribbon worms
  A dart slug (D:9)
  26 orcs
  2 ball pythons (D:1)
  An endoplasm (D:2)
  A giant cockroach (D:3)
  5 goblins
  8 hobgoblins
  4 jackals
  5 quokkas
  3 bats
  4 frilled lizards (D:1)
  13 kobolds
  4 rats
202 creatures vanquished.

Vanquished Creatures (collateral kills)
  A boulder beetle (D:9)
1 creature vanquished.

Vanquished Creatures (others)
  A bombardier beetle (D:4)
  5 foxfires
6 creatures vanquished.

Grand Total: 209 creatures vanquished

Notes
Turn   | Place    | Note
-------+----------+-------------------------------------------
     0 | D:1      | jlumianski the Gnoll Shapeshifter began the quest for the
                  | Orb.
     0 | D:1      | Reached XP level 1. HP: 17/17 MP: 1/1
   118 | D:1      | Reached XP level 2. HP: 22/23 MP: 2/2
   782 | D:1      | Reached XP level 3. HP: 28/28 MP: 3/3
   959 | D:1      | Got the Almanac of the Pyre
  1147 | D:1      | Reached skill level 1 in Invocations
  1879 | D:4      | Reached skill level 1 in Short Blades
  1879 | D:4      | Reached skill level 1 in Long Blades
  1879 | D:4      | Reached skill level 1 in Axes
  1879 | D:4      | Reached skill level 1 in Maces & Flails
  1879 | D:4      | Reached skill level 1 in Polearms
  1879 | D:4      | Reached skill level 1 in Staves
  1879 | D:4      | Reached skill level 1 in Ranged Weapons
  1879 | D:4      | Reached skill level 1 in Throwing
  1879 | D:4      | Reached skill level 1 in Armour
  1879 | D:4      | Reached skill level 1 in Stealth
  1879 | D:4      | Reached skill level 1 in Shields
  1879 | D:4      | Reached skill level 1 in Spellcasting
  1879 | D:4      | Reached skill level 1 in Evocations
  1960 | D:3      | Found a sparkling altar of Nemelex Xobeh.
  2031 | D:3      | Reached XP level 4. HP: 30/34 MP: 5/5
  2242 | D:3      | Reached skill level 1 in Conjurations
  2242 | D:3      | Reached skill level 1 in Hexes
  2242 | D:3      | Reached skill level 1 in Summonings
  2242 | D:3      | Reached skill level 1 in Necromancy
  2242 | D:3      | Reached skill level 1 in Translocations
  2242 | D:3      | Reached skill level 1 in Fire Magic
  2242 | D:3      | Reached skill level 1 in Ice Magic
  2242 | D:3      | Reached skill level 1 in Air Magic
  2242 | D:3      | Reached skill level 1 in Earth Magic
  2242 | D:3      | Reached skill level 1 in Alchemy
  2810 | D:3      | Reached XP level 5. HP: 40/40 MP: 7/7
  3102 | D:5      | Entered Level 5 of the Dungeon
  3177 | D:4      | Found a stormy altar of Qazlal.
  3211 | D:4      | Reached XP level 6. HP: 47/47 MP: 8/8
  3404 | D:5      | Reached skill level 5 in Dodging
  3614 | D:4      | Found a white marble altar of Elyvilon.
  3855 | D:4      | Found a hazy altar of Hepliaklqana.
  4155 | D:5      | Reached XP level 7. HP: 52/52 MP: 10/10
  4800 | D:6      | Reached XP level 8. HP: 47/60 MP: 12/12
  6139 | D:5      | Reached XP level 9. HP: 61/66 MP: 14/14
  6514 | D:6      | Reached skill level 5 in Fighting
  6708 | D:7      | Found a staircase to the Ecumenical Temple.
  6717 | Temple   | Entered the Ecumenical Temple
  6780 | Temple   | Became a worshipper of the Wu Jian Council
  7056 | D:7      | HP: 3/68 [killer bee (6)]
  7437 | D:7      | Reached skill level 5 in Invocations
  8769 | D:8      | Found a blossoming altar of Fedhas.
  8785 | D:7      | Reached * piety under Wu Jian
  8820 | D:7      | Reached skill level 5 in Short Blades
  8820 | D:7      | Reached skill level 5 in Long Blades
  8820 | D:7      | Reached skill level 5 in Axes
  8820 | D:7      | Reached skill level 5 in Maces & Flails
  8820 | D:7      | Reached skill level 5 in Polearms
  8820 | D:7      | Reached skill level 5 in Staves
  8820 | D:7      | Reached skill level 5 in Ranged Weapons
  8820 | D:7      | Reached skill level 5 in Throwing
  8820 | D:7      | Reached skill level 5 in Armour
  8820 | D:7      | Reached skill level 5 in Stealth
  8820 | D:7      | Reached skill level 5 in Shields
  8820 | D:7      | Reached skill level 5 in Spellcasting
  8820 | D:7      | Reached skill level 5 in Evocations
  8852 | D:7      | Reached XP level 10. HP: 21/76 MP: 17/17
 10032 | D:9      | Found a staircase to the Lair.
 10458 | D:10     | Entered Level 10 of the Dungeon
 10489 | D:10     | Found a transporter.
 10494 | D:10     | Noticed Curundu's ghost (novice MiBe)
 10498 | D:10     | Identified the +2 cloak of Indomitability {rF+ Will+ Int+3}
 10518 | D:10     | Found a transporter.
 10645 | D:9      | Found a snail-covered altar of Cheibriados.
 10697 | D:9      | Noticed a two-headed ogre
 10698 | D:9      | Noticed a two-headed ogre
 10712 | D:9      | Killed a two-headed ogre
 10719 | D:9      | Killed a two-headed ogre
 10725 | D:9      | Reached skill level 5 in Conjurations
 10725 | D:9      | Reached skill level 5 in Hexes
 10725 | D:9      | Reached skill level 5 in Summonings
 10725 | D:9      | Reached skill level 5 in Necromancy
 10725 | D:9      | Reached skill level 5 in Translocations
 10725 | D:9      | Reached skill level 5 in Fire Magic
 10725 | D:9      | Reached skill level 5 in Ice Magic
 10725 | D:9      | Reached skill level 5 in Air Magic
 10725 | D:9      | Reached skill level 5 in Earth Magic
 10725 | D:9      | Reached skill level 5 in Alchemy
 10736 | D:9      | Reached XP level 11. HP: 37/83 MP: 20/20
 11073 | D:9      | Noticed a boulder beetle
 11073 | D:9      | Noticed a boulder beetle
 11073 | D:9      | Noticed a four-headed hydra
 11308 | D:9      | Learned a level 2 spell: Blink
 11311 | D:9      | Learned a level 2 spell: Call Imp
 11317 | D:10     | Learned a level 3 spell: Summon Ice Beast
 11319 | D:10     | Learned a level 1 spell: Foxfire
 11323 | D:10     | Learned a level 3 spell: Confusing Touch
 11346 | D:9      | Killed a boulder beetle
 11463 | D:9      | Noticed Maurice
 11671 | D:9      | Maurice stole a staff of air
 11701 | D:9      | Killed Maurice
 11741 | D:9      | Found Jogg's Assorted Antiques.
 11754 | D:9      | Bought a moonstone ring for 135 gold pieces
 11754 | D:9      | Bought a potion of curing for 81 gold pieces
 11764 | D:9      | Found a burning altar of Makhleb.
 11771 | D:9      | Reached ** piety under Wu Jian
 11837 | D:9      | Noticed a two-headed ogre
 11875 | D:9      | Noticed Joseph
 11890 | D:9      | Killed Joseph
 12228 | D:9      | Identified the +9 glaive of Eternal Vigilance {pain, rC+
                  | Str+8 Stlth-}
 12228 | D:9      | Noticed a centaur warrior
 12462 | D:8      | Killed a two-headed ogre
 12641 | D:9      | Mangled by a centaur warrior

Illustrated notes

Levels and vault maps discovered:
D:1:      dpeg_arrival_water_fire, layout_basic
D:2:      layout_loops_ring, minmay_goblin_kobold_house
D:3:      layout_basic, nemelex_spade_bored_becter
D:4:      layout_rooms, overflow_temple_1_default, nzn_hepliaklqana_mist_gate,
          elyvilon_altar_4, st_stairs_13, kennysheep_generic_room_13
D:5:      minmay_thinvault, layout_gridville, due_unseen_surprise
D:6:      layout_loops_ring
D:7:      layout_loops_corners, minmay_temple_entry_water_ring,
          nicolae_hexahallways, minmay_crossroads
D:8:      minmay_general_purpose_star, layout_rooms,
          mainiacjoe_overflow_tiny_flanked
D:9:      minmay_the_grid_triangle_9x9_rhombus_thin
          [minmay_the_grid_triangle_9x9_dagger,
          minmay_the_grid_triangle_9x9_prize_schism,
          minmay_the_grid_triangle_9x9_minimal,
          minmay_the_grid_triangle_9x9_sprig], layout_irregular_city,
          kennysheep_slug_shrine, david_lair_generic, serial_shops, shop,
          serial_glass, glass_columns_c, glass_columns_b,
          david_defended_altar_orc, uniq_maurice, uniq_joseph
D:10:     layout_rooms, serial_shops, nicolae_shop_dealshenge,
          nicolae_diamond_shop, shop_coins, serial_ice, serial_ice_i,
          serial_ice_a, serial_ice_n, serial_ice_f, gammafunk_ghost_stat_death,
          kennysheep_generic_room_16
Temple:   compressed_dpeg_triangle_lava_temple

Skill      XL: |  1  2  3  4  5  6  7  8  9 10 11 |
---------------+----------------------------------+-----
Invocations    | 1 2 3 4 5 6 7 |  7.3
Short Blades   | 1 2 3 5 6 |  6.6
Long Blades    | 1 2 3 5 6 |  6.6
Axes           | 1 2 3 5 6 |  6.6
Maces & Flails | 1 2 3 5 6 |  6.6
Polearms       | 1 2 3 5 6 |  6.6
Staves         | 1 2 3 5 6 |  6.6
Ranged Weapons | 1 2 3 5 6 |  6.6
Throwing       | 1 2 3 5 6 |  6.6
Armour         | 1 2 3 5 6 |  6.6
Stealth        | 1 2 3 5 6 |  6.6
Shields        | 1 2 3 5 6 |  6.6
Spellcasting   | 1 2 3 5 6 |  6.6
Evocations     | 1 2 3 5 6 |  6.6
Conjurations   | 1 2 3 4 5 |  5.5
Hexes          | 1 2 3 4 5 |  5.5
Summonings     | 1 2 3 4 5 |  5.5
Necromancy     | 1 2 3 4 5 |  5.5
Translocations | 1 2 3 4 5 |  5.5
Fire Magic     | 1 2 3 4 5 |  5.5
Ice Magic      | 1 2 3 4 5 |  5.5
Air Magic      | 1 2 3 4 5 |  5.5
Earth Magic    | 1 2 3 4 5 |  5.5
Alchemy        | 1 2 3 4 5 |  5.5
Fighting       | 3 4 5 6 7 |  7.2
Dodging        | 5 6 7 8 |  8.1
Unarmed Combat | 7 8 9 |  9.4
Shapeshifting  | 7 8 9 |  9.0

Action                     |  1- 3 |  4- 6 |  7- 9 | 10-12 || total
---------------------------+-------+-------+-------+-------++-------
  Melee: Unarmed           |    71 |    98 |   321 |   319 ||   809
         Bite              |     8 |    12 |    43 |    51 ||   114
         Punch             |     4 |     4 |    20 |     7 ||    35
  Throw: Dart              |     2 |     4 |     2 |       ||     8
   Cast: Summon Ice Beast  |       |       |       |     6 ||     6
         Call Imp          |       |       |       |     5 ||     5
         Confusing Touch   |       |       |       |     4 ||     4
         Foxfire           |       |       |       |     3 ||     3
         Blink             |       |       |       |     1 ||     1
Ability: Lunge             |       |       |     4 |    14 ||    18
         Whirlwind         |       |       |       |    12 ||    12
         Wall Jump         |       |       |       |     5 ||     5
    Use: Scroll            |     4 |     5 |     4 |     6 ||    19
         Potion            |       |     1 |     1 |     1 ||     3
   Stab: Sleeping          |     3 |       |       |       ||     3
         Confused          |       |       |       |     1 ||     1
 Armour: Animal skin       |    19 |       |       |       ||    19
         Leather armour    |    10 |    32 |       |       ||    42
         Ring mail         |       |       |    68 |       ||    68
         Chain mail        |       |       |   191 |    77 ||   268
         Scale mail        |       |       |     4 |       ||     4
         Skin              |       |       |       |    89 ||    89
  Dodge: Dodged            |    34 |    42 |   141 |   195 ||   412
  Block: Other             |    15 |    27 |    67 |    63 ||   172
         Reflection        |     1 |     2 |     2 |     5 ||    10
   Form: Flux              |       |       |       |     1 ||     1

Table legend: (Time is in decaauts)
 A = Elapsed time spent in this place.
 B = Non-inter-level travel time spent in this place.
 C = Inter-level travel time spent in this place.
 D = Time resting spent in this place.
 E = Time spent auto-exploring this place.
 F = Levels seen in this place.
 G = Mean time per level.
                   A        B        C        D        E       F      G
               +--------+--------+--------+--------+--------+-----+--------+
         Total |  12591 |  12334 |    257 |   3411 |   4662 |  11 | 1144.6 |
       Dungeon |  12515 |  12258 |    257 |   3411 |   4662 |  10 | 1251.5 |
        Temple |     76 |     76 |      0 |      0 |      0 |   1 |   76.0 |
               +--------+--------+--------+--------+--------+-----+--------+

Top non-repeatable levels by time:
     D:7: 2650 daAuts
     D:5: 1636 daAuts
     D:8: 1614 daAuts
     D:4: 1513 daAuts
     D:9: 1328 daAuts
     D:3: 1227 daAuts
     D:1: 1069 daAuts
     D:2: 756 daAuts
     D:6: 452 daAuts
    D:10: 265 daAuts
  Temple: 76 daAuts
